 Dungeon Crawl Stone Soup version 0.21-a0-513-gdcb3f5e (webtiles) character file.

1338 Gerstahl the Slasher (level 8, 0/80 HPs)
             Began as a Naga Gladiator on Dec 1, 2017.
             Was a Follower of Okawaru.
             Slain by Grinder (7 damage)
             ... on level 4 of the Dungeon.
             The game lasted 00:14:28 (6473 turns).

Gerstahl the Slasher (Naga Gladiator)               Turns: 6473, Time: 00:14:29

Health: 0/80       AC:  5    Str: 16    XL:     8   Next: 61%
Magic:  8/8        EV: 11    Int:  9    God:    Okawaru [*.....]
Gold:   159        SH:  0    Dex: 15    Spells: 7/7 levels left

rFire    . . .     SeeInvis +   a - +0 long sword
rCold    . . .     Gourm    .   (no shield)
rNeg     . . .     Faith    .   w - +0 animal skin (curse)
rPois    +         Spirit   .   c - +0 helmet
rElec    .         Reflect  .   j - +0 cloak
rCorr    .         Harm     .   (no gloves)
MR       +....                  (no barding)
Stlth    +.........             m - amulet of rage
HPRegen  0.23/turn              (no ring)
MPRegen  0.11/turn              (no ring)

@: very slow
A: large, see invisible, deformed body, poison resistance, slowness 2, slow
metabolism 1, spit poison 1, AC +2
a: Spit Poison, Heroism, Renounce Religion, Evoke Berserk Rage


You were on level 4 of the Dungeon.
You worshipped Okawaru.
Okawaru was aware of your devotion.
You were not hungry.

You visited 2 branches of the dungeon, and saw 7 of its levels.

You collected 159 gold pieces.

Inventory:

Hand Weapons
 a - a +0 long sword (weapon)
Armour
 c - a +0 helmet (worn)
 j - a +0 cloak (worn)
 w - a cursed +0 animal skin (worn)
Jewellery
 m - an amulet of rage (around neck)
Wands
 l - a wand of polymorph (14)
Scrolls
 e - a scroll of immolation {unknown}
 g - 9 scrolls of identify {unknown}
 h - 3 scrolls of remove curse
 i - a scroll of fog {unknown}
 r - 3 scrolls of amnesia
Potions
 p - a potion of lignification {unknown}
 q - a potion of flight {unknown}
 t - 2 potions of degeneration {unknown}
Comestibles
 f - 2 bread rations
 k - a meat ration
 n - a royal jelly
 o - 5 fruits


   Skills:
 + Level 7.5 Fighting
 + Level 7.8 Long Blades
 - Level 1.7 Throwing
 - Level 2.4 Dodging


You had 7 spell levels left.
You didn't know any spells.

Dungeon Overview and Level Annotations

Branches:
Dungeon (6/15)             Temple (1/1) D:5

Altars:
Ashenzari
Fedhas
Hepliaklqana
Kikubaaqudgha
Makhleb
Nemelex Xobeh
Okawaru
Qazlal
Ru
Trog
Vehumet
Wu Jian

Annotations:
D:3 Gerstahl's ghost, amateur NaGl
D:4 Grinder


Innate Abilities, Weirdness & Mutations

You cannot wear boots.
Your serpentine skin is tough. (AC +2)
You have supernaturally acute eyesight. (SInv)
Armour fits poorly on your strangely shaped body.
Your system is resistant to poisons. (rPois)
You cover ground very slowly.
You have a slow metabolism.
You can spit poison.


Message History

You writhe in agony.
* * * LOW HITPOINT WARNING * * *
Aiming: Polymorph
Press: ? - help, Shift-Dir - straight line, f/p - Grinder
Aim: Grinder (moderately wounded, chance to defeat MR: 46%)
Okay, then.
Firing (i - inventory): No suitable missiles.
Press: ? - help, Shift-Dir - straight line, f/p - Grinder
Aim: Grinder (moderately wounded)
Okay, then.
You fail to use your ability.
Grinder hits you but does no damage.
You fail to use your ability.
Grinder hits you.
* * * LOW HITPOINT WARNING * * *
You writhe in agony.
* * * LOW HITPOINT WARNING * * *
You barely miss Grinder.
Grinder is moderately wounded.
You have got your breath back.
Grinder hits you!
You die...

#.#
#.......#
#.# #.#
#.......#
#.# ##.#
#..# .######
#.## .......
#.# #....
#.#
..#...)###.#
(.....5@...#
..####.#####
#. .. ###


You could see Grinder.

Vanquished Creatures
  Pikel (D:4)
  4 slaves (D:4)
  An ogre (D:4)
  A howler monkey (D:5)
  A jelly (D:5)
  4 orc priests
  A bullfrog skeleton (D:5)
  A hound (D:4)
  6 orc wizards
  A centaur skeleton (D:4)
  Ijyb (D:2)
  5 worker ants
  2 hound zombies (D:5)
  3 gnolls (D:5)
  5 adders
  2 oozes
  5 dart slugs
  4 leopard geckos
  17 orcs
  4 giant cockroaches
  11 goblins
  7 hobgoblins
  8 jackals
  3 quokkas
  3 ball pythons
  9 bats
  7 frilled lizards
  10 kobolds
  4 rats (D:1)
131 creatures vanquished.

Notes
Turn   | Place    | Note
-------+----------+-------------------------------------------
     0 | D:1      | Gerstahl the Naga Gladiator began the quest for the Orb.
     0 | D:1      | Reached XP level 1. HP: 19/19 MP: 1/1
    42 | D:1      | Reached XP level 2. HP: 1/27 MP: 2/2
   503 | D:1      | Reached XP level 3. HP: 32/33 MP: 3/3
  1821 | D:2      | Reached XP level 4. HP: 13/42 MP: 4/4
  2392 | D:2      | Noticed Ijyb
  2438 | D:2      | Killed Ijyb
  2529 | D:2      | Reached XP level 5. HP: 45/50 MP: 5/5
  2966 | D:3      | Noticed Gerstahl's ghost (amateur NaGl)
  3517 | D:3      | Reached skill level 5 in Long Blades
  3870 | D:4      | Reached XP level 6. HP: 57/58 MP: 6/6
  3991 | D:4      | Found a shattered altar of Ashenzari.
  3993 | D:4      | Found a stormy altar of Qazlal.
  3994 | D:4      | Found a burning altar of Makhleb.
  3994 | D:4      | Found a bloodstained altar of Trog.
  4083 | D:4      | Reached skill level 5 in Fighting
  4316 | D:4      | Reached XP level 7. HP: 55/67 MP: 7/7
  4319 | D:4      | Noticed Pikel
  4353 | D:5      | Entered Level 5 of the Dungeon
  5313 | D:5      | Found a staircase to the Ecumenical Temple.
  5323 | Temple   | Entered the Ecumenical Temple
  5418 | Temple   | Became a worshipper of Warmaster Okawaru
  5918 | D:6      | Found a sparkling altar of Nemelex Xobeh.
  6273 | D:4      | Killed Pikel
  6273 | D:4      | Reached * piety under Okawaru
  6273 | D:4      | Reached XP level 8. HP: 53/80 MP: 8/8
  6456 | D:4      | Noticed Grinder
  6473 | D:4      | Slain by Grinder

Vault maps used:
D:1:      sevenhm_arrival_forest_fort_large_4, serial_co_window_serial,
          co_window_paths_a, co_window_paths_b, co_window_paths_a,
          co_window_paths_b, co_window_of_opportunity_a, co_window_corner_a,
          co_window_paths_a, co_window_cross_1, co_window_paths_b,
          co_window_2corner, co_window_broadway_b, co_window_broadway_c,
          co_window_of_opportunity_b, co_window_broadway_a, glass_columns_a,
          glass_columns_c, st_stairs_7, minivault_24
D:2:      kennysheep_the_goblin_king
D:3:      kennysheep_generic_room_5
D:4:      grunt_temple_overflow_open, minmay_misc_feat_cross,
          kennysheep_generic_room_15, uniq_grinder, uniq_pikel
D:5:      minmay_temple_entry_overgrown, first_bread
D:6:      minmay_misc_feat_more_columns, nemelex_diamond_rough_becter
Temple:   dpeg_chambers_temple

Skill      XL: |  1  2  3  4  5  6  7 |
---------------+----------------------+-----
Fighting       | 3 4 5 7 |  7.5
Long Blades    | 4 5 7 |  7.8
Throwing       | |  1.7
Dodging        | |  2.4

Action                   |  1- 3 |  4- 6 |  7- 9 || total
-------------------------+-------+-------+-------++-------
Melee: Long sword        |    92 |   142 |   153 ||   387
       Unarmed           |       |    21 |       ||    21
Throw: Throwing net      |       |       |     3 ||     3
 Abil: Spit Poison       |     3 |    19 |    24 ||    46
       Evoke Berserk Rag |       |       |     1 ||     1
  Use: Potion            |       |     5 |       ||     5
       Scroll            |       |     1 |     3 ||     4
 Stab: Distracted        |     1 |       |       ||     1
       Sleeping          |       |     2 |       ||     2
       Held in net/web   |       |       |     2 ||     2
  Eat: Chunk             |     1 |     9 |     8 ||    18
Armor: Leather armour    |    30 |    66 |    36 ||   132
       Skin              |       |     5 |     2 ||     7
       Animal skin       |       |       |     2 ||     2
Dodge: Dodged            |    56 |    95 |    99 ||   250
       Rpst.: Long sword |    21 |    27 |    28 ||    76

Table legend:
 A = Spawn XP
 B = Non-spawn XP
 C = Spawn XP percentage of total XP
 D = Spawn monster count
 E = Non-spawn monster count
 F = Spawn count percentage of total count
 G = Total turns spent on level
                    A         B        C        D         E        F      G
               +---------+---------+-------+---------+---------+-------+---------
         Total |       0 |    1912 |   0.0 |       0 |     127 |   0.0 |  6473
               +---------+---------+-------+---------+---------+-------+---------
           D:1 |       0 |      63 |   0.0 |       0 |      32 |   0.0 |  1698
           D:2 |       0 |     136 |   0.0 |       0 |      32 |   0.0 |  1487
           D:3 |       0 |     111 |   0.0 |       0 |      14 |   0.0 |   657
           D:4 |       0 |    1059 |   0.0 |       0 |      18 |   0.0 |  1292
           D:5 |       0 |     505 |   0.0 |       0 |      29 |   0.0 |  1178
           D:6 |       0 |      38 |   0.0 |       0 |       2 |   0.0 |    44
               +---------+---------+-------+---------+---------+-------+---------
